 Dungeon Crawl Stone Soup version 0.25-a0-869-g05d4e06a41 (webtiles) character file.

Game seed: 13766852851515792968, levelgen mode: deterministic

4753 HaroldHyrax the Slinger (level 10, -8/71 HPs)
             Began as a Halfling Hunter on Apr 30, 2020.
             Was a Priest of Okawaru.
             Mangled by a hornet (10 damage)
             ... while paralysed by a hornet
             ... on level 8 of the Dungeon on May 1, 2020.
             The game lasted 01:12:26 (9981 turns).

HaroldHyrax the Slinger (Halfling Hunter)           Turns: 9981, Time: 01:12:27

Health: -8/71      AC: 11    Str: 16    XL:     10   Next: 74%
Magic:  6/10       EV:  3    Int:  9    God:    Okawaru [***...]
Gold:   437        SH:  0    Dex: 19    Spells: 9/9 levels left

rFire    . . .     SeeInvis .   b - +0 rapier
rCold    . . .     Gourm    .   v - +0 buckler
rNeg     . . .     Faith    .   l - +0 scale mail {rPois}
rPois    +         Spirit   .   t - +0 helmet
rElec    .         Reflect  .   N - +0 cloak {+Inv}
rCorr    .         Harm     .   w - +2 pair of gloves
MR       .....                  (no boots)
Stlth    +.........             (no amulet)
HPRegen  0.21/turn              M - +3 ring of strength
MPRegen  0.12/turn              (no ring)

@: paralysed, brilliant, lethally poisoned (-8 -> -11), flying
A: small, mutation resistance 1
a: Heroism, Renounce Religion, Evoke Invisibility


You were on level 8 of the Dungeon.
You worshipped Okawaru.
Okawaru was most pleased with you.
You were not hungry.

You visited 2 branches of the dungeon, and saw 10 of its levels.

You collected 687 gold pieces.
You spent 250 gold pieces at shops.

Inventory:

Hand Weapons
 a - a +3 hunting sling
 b - a +0 rapier (weapon)
 z - a +1 hunting sling
 I - a +0 short sword
Missiles
 d - 56 sling bullets
 h - 104 bolts
 j - 319 stones (quivered)
Armour
 c - a +0 leather armour
 l - a +0 scale mail of poison resistance (worn)
 s - a +0 plate armour
 t - a +0 helmet (worn)
 v - a +0 buckler (worn)
 w - a +2 pair of gloves (worn)
 y - a +0 cloak
 N - a +0 cloak of invisibility (worn)
Jewellery
 B - an uncursed amulet of the gourmand
 M - a +3 ring of strength (left hand)
Wands
 C - a wand of polymorph (17)
 E - a wand of clouds (6)
 P - a wand of enslavement (6)
Scrolls
 i - 7 scrolls of remove curse
 o - 7 scrolls of teleportation
 p - 8 scrolls of identify
 r - a scroll of random uselessness {unknown}
 u - a scroll of enchant armour {unknown}
 D - 3 scrolls of enchant weapon
 F - 3 scrolls of magic mapping
 G - 2 scrolls of fear {unknown}
 H - a scroll of blinking {unknown}
 J - a scroll of holy word
 L - a scroll of vulnerability {unknown}
Potions
 e - 2 potions of degeneration {unknown}
 g - 2 potions of mutation {unknown}
 k - 2 potions of brilliance
 m - 3 potions of curing
 n - 2 potions of invisibility {unknown}
 q - 3 potions of flight
 x - a potion of magic {unknown}
 A - a potion of stabbing {unknown}
 K - a potion of might {unknown}
 O - a potion of heal wounds {unknown}
 Q - a potion of ambrosia {unknown}
Comestibles
 f - 11 rations


   Skills:
 + Level 7.0 Fighting
 + Level 11.0 Short Blades
 - Level 12.0 Slings
 + Level 2.1 Dodging
 - Level 1.1 Stealth
 - Level 5.6 Shields


You had 9 spell levels left.
You didn't know any spells.
Your spell library contained the following spells:

 Spells                   Type           Power        Failure   Level  Hunger
 Animate Skeleton         Necr           N/A          83%         1    None
 Apportation              Tloc           #.....       83%         1    None
 Corona                   Hex            #......      83%         1    None
 Magic Dart               Conj           #...         83%         1    None
 Summon Small Mammal      Summ           #...         83%         1    None
 Searing Ray              Conj           #.....       93%         2    None
 Dazzling Flash           Conj/Hex       #.....       99%         3    None
 Fulminant Prism          Conj/Hex       #.........   100%        4    None
 Iskenderun's Mystic Bla  Conj/Tloc      #.......     100%        4    None


Dungeon Overview and Level Annotations

Branches:
Dungeon (9/15)             Temple (1/1) D:4
   Lair: D:8-11         Orc: D:9-12

Altars:
Ashenzari
Cheibriados
Dithmenos
Elyvilon
Fedhas
Gozag
Hepliaklqana
Kikubaaqudgha
Makhleb
Nemelex Xobeh
Okawaru
Qazlal
Ru
Sif Muna
Trog
Uskayaw
Vehumet
Wu Jian
Xom
Yredelemnul
Zin
The Shining One

Shops:
D:5 %?=   D:7 ?

Annotations:
D:5 3 runed translucent doors, exclusion: 3 doors, hexxy's ghost, novice DEFE


Innate Abilities, Weirdness & Mutations

You are small and have problems with some larger weapons.
You are somewhat resistant to further mutation.


Message History

The hornet stings you.
* * * LOW HITPOINT WARNING * * *
You block the hornet's attack.
All of the chunks of flesh in your inventory have rotted away.
There is a stone staircase leading up here.
The hornet misses you. You block the hornet's attack.
You fly upwards.
There is a stone staircase leading down here.
Okay, then.
You fail to use your ability.
The hornet stings you!
* * * LOW HITPOINT WARNING * * *
You are lethally poisoned!
You suddenly lose the ability to move!
* * * LOW HITPOINT WARNING * * *
You feel sick.
The hornet stings you but does no damage.
The hornet barely misses you.
* * * LOW HITPOINT WARNING * * *
You feel sick. The hornet stings you!
You die...

#...# #.# #####
########)######
#####....รท........#
#.......####..###.#
#..)....# #..###.#
###.......####....#.####
#.........##....#......#
###...###.####.#........##
................@###....####
###...########.y.).........#
#.##########.........#####
#.# #..........##...## #.#
#####.##...##...# #.#
#.##...##...# #.#####
#.##...##...# #
#.....###...........# #
#............#.######


You could see a hornet.

Vanquished Creatures
  2 two-headed ogres (D:8)
  Grinder (D:5)
  A spriggan (D:7)
  A hungry ghost (D:9)
  A water moccasin (D:9)
  An orc warrior (D:9)
  An ice beast (D:8)
  2 sky beasts
  2 black bears (D:7)
  A necrophage (D:8)
  3 ogres
  A phantom (D:6)
  A centaur (D:4)
  A crocodile (D:8)
  5 bullfrogs
  A wyvern skeleton (D:7)
  6 scorpions
  A howler monkey (D:4)
  3 crimson imps
  4 hounds
  4 orc priests
  Crazy Yiuf (D:2)
  4 jellies
  3 iguanas
  5 orc wizards
  2 worker ants
  A hound zombie (D:9)
  A hound skeleton (D:8)
  9 adders
  6 gnolls
  A shadow imp (D:6)
  2 oozes
  2 adder skeletons (D:5)
  A worm (D:3)
  5 dart slugs
  9 leopard geckos
  27 orcs
  13 bats
  5 giant cockroaches
  5 hobgoblins
  8 jackals
  6 kobolds
  6 quokkas
  2 ball pythons
  7 frilled lizards
  10 goblins
  A jackal skeleton (D:8)
  A leopard gecko skeleton (D:4)
  3 rats
189 creatures vanquished.

Vanquished Creatures (others)
  10 fungi (D:4)
  4 plants (D:4)
14 creatures vanquished.

Grand Total: 203 creatures vanquished

Notes
Turn   | Place    | Note
-------+----------+-------------------------------------------
     0 | D:1      | HaroldHyrax the Halfling Hunter began the quest for the
                  | Orb.
     0 | D:1      | Reached XP level 1. HP: 14/14 MP: 1/1
   207 | D:1      | Reached skill level 6 in Slings
   458 | D:1      | Reached XP level 2. HP: 19/19 MP: 2/2
   464 | D:1      | Reached skill level 1 in Short Blades
  1089 | D:1      | Reached XP level 3. HP: 24/24 MP: 3/3
  1460 | D:1      | Reached skill level 7 in Slings
  1785 | D:2      | Reached XP level 4. HP: 29/29 MP: 4/4
  2518 | D:2      | Found a shimmering blue altar of Sif Muna.
  2669 | D:2      | Reached XP level 5. HP: 34/34 MP: 5/5
  2707 | D:2      | Reached skill level 8 in Slings
  2730 | D:2      | Found a runed translucent door.
  2731 | D:2      | Noticed Crazy Yiuf
  2744 | D:2      | Killed Crazy Yiuf
  3393 | D:3      | Reached XP level 6. HP: 39/39 MP: 6/6
  3458 | D:3      | Found a sparkling altar of Nemelex Xobeh.
  3630 | D:4      | Found a staircase to the Ecumenical Temple.
  3636 | Temple   | Entered the Ecumenical Temple
  3826 | D:4      | Reached skill level 9 in Slings
  3949 | D:4      | Reached XP level 7. HP: 39/44 MP: 7/7
  4124 | D:4      | Found a blossoming altar of Fedhas.
  4163 | D:4      | Reached skill level 10 in Slings
  4730 | D:4      | Reached skill level 5 in Short Blades
  4795 | D:4      | Reached skill level 11 in Slings
  4887 | D:4      | Reached XP level 8. HP: 47/49 MP: 8/8
  4918 | D:5      | Entered Level 5 of the Dungeon
  4936 | D:5      | Found a runed translucent gate.
  4936 | D:5      | Found a runed translucent gate.
  4936 | D:5      | Found a runed translucent gate.
  4936 | D:5      | Noticed hexxy's ghost (novice DEFE)
  5038 | D:5      | Found Yhylurph's Jewellery Shoppe.
  5262 | D:5      | Noticed Grinder
  5272 | D:5      | Killed Grinder
  5272 | D:5      | Reached skill level 12 in Slings
  5459 | D:5      | Found a shimmering altar of Xom.
  5631 | D:5      | Found Ceywi's Food Shoppe.
  5720 | D:5      | Found a radiant altar of Vehumet.
  5720 | D:5      | Found a sacrificial altar of Ru.
  5787 | D:5      | Found a hazy altar of Hepliaklqana.
  5789 | D:5      | Found a shadowy altar of Dithmenos.
  5789 | D:5      | Noticed a shadow
  5918 | D:5      | Found Gutzays's Magic Scroll Shop.
  5924 | D:5      | Bought a scroll of magic mapping for 42 gold pieces
  5924 | D:5      | Bought a scroll of enchant weapon for 90 gold pieces
  5924 | D:5      | Bought a scroll of teleportation for 36 gold pieces
  6302 | D:6      | Reached skill level 1 in Shields
  6322 | D:6      | Found an iron altar of Okawaru.
  6335 | D:6      | Became a worshipper of Warmaster Okawaru
  6344 | D:6      | Reached XP level 9. HP: 55/55 MP: 9/9
  6860 | D:7      | Found a shattered altar of Ashenzari.
  6952 | D:7      | Found Raujuxin's Magic Scroll Emporium.
  6956 | D:7      | Bought a scroll of holy word for 82 gold pieces
  7022 | D:7      | Upgraded the game from 0.25-a0-865-gd392131cc7 to
                  | 0.25-a0-869-g05d4e06a41
  7082 | D:7      | Found a glowing silver altar of Zin.
  7128 | D:7      | Found a stormy altar of Qazlal.
  7380 | D:7      | Found a bloodstained altar of Trog.
  7450 | D:7      | Reached * piety under Okawaru
  8280 | D:8      | Noticed a two-headed ogre
  8340 | D:8      | Noticed a two-headed ogre
  8682 | D:8      | Reached XP level 10. HP: 65/65 MP: 10/10
  8704 | D:8      | Killed a two-headed ogre
  8704 | D:8      | Reached ** piety under Okawaru
  8704 | D:8      | Reached skill level 5 in Fighting
  8704 | D:8      | Reached skill level 5 in Shields
  8736 | D:8      | Reached skill level 10 in Short Blades
  9355 | D:8      | Killed a two-headed ogre
  9480 | D:8      | Reached *** piety under Okawaru
  9842 | D:9      | Found a glowing golden altar of the Shining One.
  9948 | D:9      | Paralysed by a hornet for 3 turns
  9979 | D:8      | Paralysed by a hornet for 3 turns
  9980 | D:8      | HP: 3/71 [poisoned by a hornet]
  9981 | D:8      | Mangled by a hornet

Levels and vault maps discovered:
D:1:      dpeg_arrival_circle_labyrinth_c, layout_basic
D:2:      layout_loops_cross, lemuel_blue_sif_altar, first_ration,
          uniq_crazy_yiuf_cottage
D:3:      layout_rooms, nicolae_overflow_crystal_walls
D:4:      old_forge, layout_rooms, fedhas_altar_3,
          minmay_temple_entry_purple_smoke
D:5:      layout_loops_cross, riverfiend_overflow_shadow_ancestor, tgw_xom,
          gammafunk_temple_overflow_statue, gammafunk_ghost_necromancy,
          serial_shops, nicolae_shop_crystal, shop, shop_fountains, uniq_grinder
D:6:      layout_cave_pools, okawaru_trees_2
D:7:      layout_basic, zin_scriptorium, nicolae_qazlal_style_of_elements,
          trog_ov_bears_minmay, cheibrodos_ashenzari_chains, serial_shops, shop,
          the_bakery
D:8:      layout_basic
D:9:      layout_loops_ring, basic_altar, serial_glass, glass_columns_a,
          glass_columns_b, uniq_maggie
Temple:   kb_temple_of_zot

Skill      XL: |  1  2  3  4  5  6  7  8  9 10 |
---------------+-------------------------------+-----
Slings         | 6 7 8 9 11 12 | 12.0
Short Blades   | 1 2 3 4 5 7 9 11 | 11.0
Fighting       | 2 4 7 |  7.0
Shields        | 1 4 5 |  5.6
Dodging        | |  2.1
Stealth        | |  1.1

Action                   |  1- 3 |  4- 6 |  7- 9 | 10-12 || total
-------------------------+-------+-------+-------+-------++-------
Melee: Short sword       |    68 |       |       |       ||    68
       Rapier            |       |       |    42 |    38 ||    80
 Fire: Hunting sling     |    49 |   145 |   443 |   130 ||   767
Evoke: Wand              |       |       |       |     1 ||     1
  Use: Scroll            |       |     3 |     2 |       ||     5
       Potion            |       |       |       |     3 ||     3
  Eat: Chunk             |     2 |     7 |    14 |     3 ||    26
       Ration            |       |       |       |     1 ||     1
Armor: Leather armour    |     7 |       |       |       ||     7
       Scale mail        |    12 |    14 |    50 |    30 ||   106
Dodge: Dodged            |    38 |    34 |    77 |    42 ||   191
Block: Buckler           |       |       |       |     6 ||     6

Table legend:
 A = Non-vault XP
 B = Vault XP
 C = Vault XP percentage of total XP
 D = Non-vault monster count
 E = Vault monster count
 F = Vault count percentage of total count
                 A         B        C        D         E       F
            +---------+---------+-------+---------+---------+-------
      Total |    5597 |    1193 |  17.6 |     169 |      20 |  10.6
            +---------+---------+-------+---------+---------+-------
        D:1 |      57 |       0 |   0.0 |      27 |       0 |   0.0
        D:2 |     104 |      40 |  27.8 |      22 |       1 |   4.3
        D:3 |      76 |       0 |   0.0 |      14 |       0 |   0.0
        D:4 |     389 |     375 |  49.1 |      14 |      12 |  46.2
        D:5 |     483 |     302 |  38.5 |      23 |       4 |  14.8
        D:6 |     691 |       0 |   0.0 |      18 |       0 |   0.0
        D:7 |     442 |     476 |  51.9 |      12 |       3 |  20.0
        D:8 |    2862 |       0 |   0.0 |      32 |       0 |   0.0
        D:9 |     493 |       0 |   0.0 |       7 |       0 |   0.0
            +---------+---------+-------+---------+---------+-------
